 Dungeon Crawl Stone Soup version 0.28-a0-664-gc179e30c89 (webtiles) character file.

Game seed: 3084110446958752472

1653818 emiel the Impaler (level 25, 207/207 HPs)
             Began as a Formicid Fighter on Oct 16, 2021.
             Was the Champion of Ru.
             Escaped with the Orb
             ... and 3 runes!
             The game lasted 02:11:32 (68257 turns).

emiel the Impaler (Formicid Fighter)               Turns: 68257, Time: 02:11:33

Health: 207/207    AC: 31    Str: 35    XL:     25
Magic:  23/23      EV: 18    Int:  7    God:    Ru [******]
Gold:   1320       SH: 24    Dex: 16    Spells: 23/24 levels left

rFire   + + .      SeeInvis +   W - +8 glaive of the Guard {elec, spectral, AC+5}
rCold   + + +      Faith    .   m - +5 tower shield {rC+ rF+}
rNeg    + . .      Spirit   .   o - +3 chain mail {rN+}
rPois   +          Reflect  .   (helmet unavailable)
rElec   .          Harm     .   H - +2 cloak {rC+}
rCorr   +          Rampage  +   N - +1 pair of gloves of Lugonu's Supremacy {Rampage Will+ Int-3 Slay+2}
Will    ++++.                   x - +0 pair of boots of Cuorenn {rCorr Stlth+}
Stlth   ..........              t - amulet of regeneration
HPRegen 1.44/turn               b - ring "Efaukkad" {rF+ Will+ rCorr Str+4 Dex+6}
MPRegen 0.18/turn               C - ring "Sunionocy" {rPois rC+ Slay+3}

@: no status effects
A: permanent stasis, dig shafts and tunnels, antennae 3, inability to drink
while threatened, inability to read while threatened, no stealth, inability to
use devices, hated by all, no conjurations magic, no fire magic, no
transmutations magic, unskilled 2, inexperienced 1, four strong arms,
deterioration 1, subdued magic 1
0: Orb of Zot
}: 3/15 runes: barnacled, silver, gossamer
a: Dig, Shaft Self, Renounce Religion, Draw Out Power, Power Leap, Apocalypse


You escaped.
You worshipped Ru.
Ru was exalted by your worship.
You visited 10 branches of the dungeon, and saw 49 of its levels.
You visited 1 ziggurat, and saw 3 of its levels.
You also visited: Trove, Ice Cave and Volcano.

You collected 7566 gold pieces.
You spent 6246 gold pieces at shops.

Inventory:

Hand Weapons
 W - the +8 glaive of the Guard (weapon) {elec, spectral, AC+5}
   (You acquired it on level 15 of the Dungeon)

   It occasionally discharges a powerful burst of electricity upon striking a
   foe.
   When it strikes, its spirit leaps out and fights alongside the wielder.
   AC:        It affects your AC (+5).
Missiles
 A - 8 silver javelins (quivered)
 B - 8 javelins
 S - 3 curare-tipped darts
 Y - 3 throwing nets
Armour
 m - a +5 tower shield of resistance (worn)
   (You bought it in a shop on level 1 of the Shoals)
 o - a +3 chain mail of positive energy (worn)
   (You took it off a deep elf zephyrmancer on level 1 of the Elven Halls)
 x - the +0 pair of boots of Cuorenn (worn) {rCorr Stlth+}
   (You found it on level 3 of the Spider Nest)

   rCorr:     It protects you from acid and corrosion.
   Stlth:     It makes you more stealthy.
 H - a +2 cloak of cold resistance (worn)
   (You found it in an ice cave)
 N - the +1 pair of gloves of Lugonu's Supremacy (worn) {Rampage Will+ Int-3 Slay+2}
   (You bought it in a shop on level 1 of the Shoals)

   Int:       It affects your intelligence (-3).
   Slay:      It affects your accuracy & damage with ranged weapons and melee
   (+2).
   Rampage:   It bestows one free step when moving towards enemies.
   Will:      It increases your willpower.
Jewellery
 b - the ring "Efaukkad" (left hand) {rF+ Will+ rCorr Str+4 Dex+6}
   (You bought it in a shop on level 2 of the Elven Halls)

   [ring of dexterity]

   Str:       It affects your strength (+4).
   Dex:       It affects your dexterity (+6).
   rF:        It protects you from fire.
   rCorr:     It protects you from acid and corrosion.
   Will:      It increases your willpower.
 f - a ring of positive energy
   (You took it off a deep elf archer on level 3 of the Elven Halls)
 k - a ring of resist corrosion
   (You took it off an orc on level 8 of the Dungeon)
 l - the ring of Cupitoco {rElec Will+}
   (You bought it in a shop on level 1 of the Shoals)

   [ring of willpower]

   rElec:     It insulates you from electricity.
   Will:      It increases your willpower.
 t - an amulet of regeneration (around neck)
   (You took it off a deep elf high priest on level 3 of the Elven Halls)
 v - the ring "Muet" {rF+ MP+9}
   (You took it off a vault warden on level 5 of the Vaults)

   [ring of magical power]

   rF:        It protects you from fire.
   MP:        It affects your magic capacity (+9).
 C - the ring "Sunionocy" (right hand) {rPois rC+ Slay+3}
   (You bought it in a shop on level 2 of the Elven Halls)

   [ring of protection from cold]

   Slay:      It affects your accuracy & damage with ranged weapons and melee
   (+3).
   rC:        It protects you from cold.
   rPois:     It protects you from poison.
 G - a ring of protection from fire
   (You found it on level 4 of the Shoals)
 Q - an amulet of guardian spirit
   (You found it on level 2 of the Lair of Beasts)
Scrolls
 a - 3 scrolls of enchant armour
 e - 8 scrolls of noise
 g - 11 scrolls of immolation
 p - 2 scrolls of holy word
 r - 18 scrolls of identify
 y - 7 scrolls of fog
 E - 3 scrolls of silence
 I - 3 scrolls of magic mapping
 L - 3 scrolls of torment
 O - 11 scrolls of amnesia
 V - 3 scrolls of fear
Potions
 c - 3 potions of magic
 d - 2 potions of might
 i - 20 potions of ambrosia
 j - 11 potions of lignification
 q - 16 potions of curing
 s - 7 potions of mutation
 u - 9 potions of flight
 w - 9 potions of heal wounds
 z - 3 potions of berserk rage
Miscellaneous
 T - a condenser vane
   (You found it on level 6 of the Lair of Beasts)


   Skills:
 + Level 19.1 Fighting
 - Level 20.0 Polearms
 + Level 12.5 Throwing
 + Level 19.0 Armour
 + Level 16.5 Dodging
 - Level 15.0 Shields
 + Level 1.6 Translocations
   Level 0.0 Evocations


You had 23 spell levels left.
You knew the following spells:

 Your Spells              Type           Power      Damage    Failure   Level
a - Apportation           Tloc           2%         N/A       45%         1

Your spell library contained the following spells:

 Spells                   Type           Power      Damage    Failure   Level
 Freeze                   Ice            0%         1d3       69%         1
 Pain                     Necr           0%         1d4       69%         1
 Corpse Rot               Necr/Air       N/A        N/A       83%         2
 Ensorcelled Hibernation  Hex/Ice        0%         N/A       83%         2
 Poisonous Vapours        Pois/Air       0%         N/A       83%         2
 Slow                     Hex            0%         N/A       83%         2
 Sublimation of Blood     Necr           0%         N/A       83%         2
 Gell's Gravitas          Tloc           0%         N/A       83%         3
 Teleport Other           Tloc           1%         N/A       83%         3
 Confusing Touch          Hex            0%         N/A       96%         3
 Frozen Ramparts          Ice            0%         1d2       96%         3
 Ozocubu's Armour         Ice            0%         N/A       96%         3
 Vampiric Draining        Necr           0%         2d6       96%         3
 Passage of Golubria      Tloc           N/A        N/A       99%         4
 Airstrike                Air            0%         N/A       100%        4
 Dispel Undead            Necr           0%         3d6       100%        4
 Olgreb's Toxic Radiance  Pois           0%         N/A       100%        4
 Agony                    Necr           0%         N/A       100%        5
 Excruciating Wounds      Necr           0%         N/A       100%        5
 Lee's Rapid Deconstruct  Erth           0%         3d5*      100%        5
 Silence                  Hex/Air        0%         N/A       100%        5
 Dispersal                Tloc           0%         N/A       100%        6
 Invisibility             Hex            0%         N/A       100%        6
 Ozocubu's Refrigeration  Ice            0%         4d5       100%        7
 Maxwell's Capacitive Co  Air            0%         ∞         100%        8
 Animate Skeleton         Necr           Unusable   N/A       N/A         1
 Foxfire                  Conj/Fire      Unusable   2x1d4     N/A         1
 Magic Dart               Conj           Unusable   1d3       N/A         1
 Sting                    Tmut/Pois      Unusable   1d3       N/A         1
 Summon Small Mammal      Summ           Unusable   N/A       N/A         1
 Call Imp                 Summ           Unusable   N/A       N/A         2
 Passwall                 Tmut/Erth      Unusable   N/A       N/A         2
 Scorch                   Fire           Unusable   2d5       N/A         2
 Conjure Flame            Conj/Fire      Unusable   6-21      N/A         3
 Ignite Poison            Fire/Tmut/Pois Unusable   N/A       N/A         3
 Inner Flame              Hex/Fire       Unusable   N/A       N/A         3
 Mephitic Cloud           Conj/Pois/Air  Unusable   N/A       N/A         3
 Spider Form              Tmut/Pois      Unusable   N/A       N/A         3
 Flame Wave               Conj/Fire      Unusable   3d3       N/A         4
 Hailstorm                Conj/Ice       Unusable   3d3       N/A         4
 Ice Form                 Ice/Tmut       Unusable   N/A       N/A         4
 Petrify                  Tmut/Erth      Unusable   N/A       N/A         4
 Sticky Flame             Conj/Fire      Unusable   2d3       N/A         4
 Summon Ice Beast         Ice/Summ       Unusable   N/A       N/A         4
 Summon Lightning Spire   Summ/Air       Unusable   N/A       N/A         4
 Alistair's Intoxication  Tmut/Pois      Unusable   N/A       N/A         5
 Irradiate                Conj/Tmut      Unusable   3d13      N/A         5
 Yara's Violent Unravell  Hex/Tmut       Unusable   3d3       N/A         5
 Death Channel            Necr           Unusable   N/A       N/A         6
 Simulacrum               Ice/Necr       Unusable   N/A       N/A         6
 Spellforged Servitor     Conj/Summ      Unusable   N/A       N/A         7
 Storm Form               Tmut/Air       Unusable   N/A       N/A         7
 Lehudib's Crystal Spear  Conj/Erth      Unusable   10d2      N/A         8
 Chain Lightning          Conj/Air       Unusable   N/A       N/A         9
 Fire Storm               Conj/Fire      Unusable   5d1       N/A         9

Dungeon Overview and Level Annotations

Branches:
Dungeon (15/15)            Temple (1/1) D:6            Lair (6/6) D:10
 Shoals (4/4) Lair:4       Spider (4/4) Lair:2        Slime (0/5) Lair:6
    Orc (2/2) D:10            Elf (3/3) Orc:2        Vaults (5/5) D:14
  Crypt (0/3) Vaults:3     Depths (4/4) D:15            Zot (5/5) Depths:4
  IceCv (visited)         Volcano (visited)

Altars:
Elyvilon
Fedhas
Gozag
Hepliaklqana
Okawaru
Ru
Trog
Uskayaw
Vehumet
Wu Jian
Xom
Yredelemnul
Zin
Jiyva

Shops:
D:12 !   Orc:2 (?[!   Elf:1 (   Elf:2 *==(   Shoals:1 [=(   Shoals:2 :
Shoals:3 [   Vaults:3 :   Vaults:4 *   Depths:1 ==:   Depths:2 *   Depths:3 (*
Depths:4 !:((*

Portals:
Hell: Depths:1 Depths:2 Depths:3 Depths:4
Abyss: Depths:1 Depths:2 Depths:3
Pandemonium: Depths:2

Annotations:
D:4 3 runed translucent doors, askman's ghost, amateur DsFi
Vaults:4 3 runed translucent doors, Fexid's ghost, adept DrIE


Innate Abilities, Weirdness & Mutations

You cannot be hasted, slowed, berserked, paralysed or teleported.
You can dig through walls and to a lower floor.
You have a pair of large antennae on your head. (SInv)
You sometimes lose the ability to drink potions when taking damage.
You sometimes lose the ability to read scrolls when taking damage.
You cannot be stealthy.
You cannot study or use magical devices.
You are hated by all.
You cannot study or cast Conjurations magic.
You cannot study or cast Fire magic.
You cannot study or cast Transmutations magic.
You are unskilled. (-2 Apt)
You are somewhat inexperienced. (-2 XL)
Your four strong arms can wield two-handed weapons with a shield.
Your body sometimes deteriorates upon taking damage.
Your spells are a little easier to cast, but a little less powerful.


Message History

You reach to attack!
You slice the rust devil!!
The rust devil is heavily wounded.
Your +8 glaive of the Guard {elec, spectral, AC+5} hits the rust devil!!
You kill the rust devil!
No target in view!
No target in view!
A sixfirhy comes into view.
There is a stone staircase leading up here.
You climb upwards.
There is a stone staircase leading down here.
You extend your mandibles.
You dig through the rock wall.
You dig through the rock wall.
You dig through the rock wall.
You retract your mandibles.
You extend your mandibles.
You dig through the rock wall.
You retract your mandibles.
There is a stone staircase leading up here.
You climb upwards.
There is a stone staircase leading down here.
You extend your mandibles.
You dig through the rock wall.
You dig through the rock wall.
You dig through the rock wall.
You retract your mandibles.
There is a stone staircase leading up here.
You can't go down here!
You climb upwards.
There is a stone staircase leading down here.
Things that are here:
4 stones; a +0 short sword You extend your mandibles.
You dig through the rock wall.
You dig through the rock wall.
You dig through the rock wall.
You dig through the rock wall.
You retract your mandibles.
There is a staircase leading out of the dungeon here.
You have escaped!

..# #.##
#.##...........> ..#
#..### #.##.#....#.####
#.## #....#
#####.#.####.####
#..### #...##
##.###.#.....(....
#....# #.###
##...##.#...(...(>.
....## ##.#
#.....#...)........
.....###.##
#...###............
#.....#..#
##..................
#.##..#.##
#..@..##............
#.###.#..#
#....#.#............
####...#.#
##....###...........#
#.###..#.#
#....####.#..........
..# #...##
#...##.##.#####......
######..#
##...#...#............
# #.##.##
##......#############..
# ##.#.# #........##
#..
####...####.........#
#..


There were no monsters in sight!

Vanquished Creatures
  A dread lich (Zot:5)
  2 orbs of fire (Zot:5)
  3 ancient liches
  Sojobo (Depths:3)
  A pandemonium lord (Zig:3)
  Frederick (Depths:4)
  4 Killer Klowns
  Saint Roka (Depths:1)
  2 curse toes
  A bone dragon (Vaults:3)
  10 golden dragons
  Nikola (Shoals:3)
  Jory (Depths:4)
  the Enchantress (Depths:4)
  An electric golem (Zot:5)
  Arachne (Spider:3)
  11 tentacled monstrosities
  An Ice Fiend (IceCv)
  A walking divine tome (Depths:4)
  24 Orb Guardians
  3 titans (Vaults:5)
  3 liches
  5 quicksilver dragons
  A deep elf blademaster (Elf:3)
  4 death cobs
  5 sphinxes
  2 draconian monks
  5 tengu reavers
  14 shadow dragons
  10 storm dragons
  3 azure jellies (Depths:2)
  Donald (Shoals:3)
  5 ghost moths
  2 rockslimes (Depths:2)
  2 draconian scorchers (Zot:2)
  A revenant (Zig:1)
  Aizul (Shoals:4)
  9 frost giants
  11 deep elf sorcerers
  3 draconian knights
  2 iron dragons (Vaults:5)
  Louise (Depths:3)
  8 draconian shifters
  7 fire giants
  A balrug (D:7)
  3 spectral caustic shrikes (Depths:2)
  2 orc warlords
  3 spriggan defenders (Depths:4)
  13 vault wardens
  3 draconian stormcallers (Zot:2)
  7 emperor scorpions (Spider:4)
  A reaper (Zig:3)
  13 ironbound preservers
  7 war gargoyles
  5 draconian annihilators
  5 deep elf elementalists (Elf:3)
  31 very ugly things
  11 stone giants
  2 vampire knights
  Nessos (D:12)
  13 green draconians
  8 purple draconians
  6 red draconians
  12 white draconians
  10 entropy weavers
  7 spark wasps
  An entropy weaver (shapeshifter) (D:13)
  18 dire elephants
  6 deep elf demonologists
  7 black draconians
  9 yellow draconians
  7 merfolk javelineers
  A bunyip (shapeshifter) (Depths:3)
  9 deep elf annihilators
  7 crystal guardians
  7 deep elf death magi
  11 fire dragons
  9 deep elf high priests
  9 merfolk impalers
  22 yaktaur captains
  9 ettins
  6 boulder beetles
  8 ironbound thunderhulks
  12 great orbs of eyes
  8 hydras
  5 ice dragons
  8 spriggan air magi
  6 ogre magi
  29 vault guards
  A caustic shrike simulacrum (IceCv)
  5 peacekeepers
  An alligator snapping turtle (Shoals:4)
  3 rakshasas
  18 centaur warriors
  9 ironbound frosthearts
  3 satyrs
  A catoblepas (Lair:2)
  11 deep troll earth magi
  5 deep troll shamans
  12 dancing weapons
  5 merfolk aquamancers
  9 tengu warriors
  9 spriggan berserkers
  A hell hog (Depths:3)
  20 two-headed ogres
  8 death yaks (Lair:6)
  A vampire mage (Depths:3)
  13 hell knights
  4 soul eaters (Depths:3)
  16 deep elf knights
  6 iron trolls
  4 sun demons
  2 shadow wraiths
  A skeletal warrior (D:14)
  47 deep trolls
  5 glowing orange brains
  2 flayed ghosts
  9 sea snakes
  A bog body (IceCv)
  6 phantasmal warriors
  A golden dragon zombie (Depths:3)
  An obsidian statue (IceCv)
  21 harpies
  18 deep elf archers
  14 ironbound convokers
  9 lindwurms
  9 necromancers
  24 deep elf zephyrmancers
  A sphinx zombie (Depths:3)
  71 ugly things
  46 deep elf pyromancers
  6 orc knights
  4 orc sorcerers
  17 orb spiders
  25 wolf spiders
  A faun (shapeshifter) (Depths:4)
  17 wizards
  A manticore (shapeshifter) (Vaults:5)
  13 moths of wrath
  2 sphinx skeletons (Depths:3)
  10 manticores
  11 fauns
  6 merfolk sirens
  7 elephants
  A fire giant zombie (Vaults:2)
  7 cyclopes
  A spriggan zombie (Depths:3)
  A black mamba (shapeshifter) (D:14)
  5 black mambas
  13 vault sentinels
  A stone giant skeleton (Vaults:2)
  4 water nymphs
  A rust devil (D:4)
  A torpor snail (shapeshifter) (Vaults:5)
  2 human skeletons (Vaults:3)
  4 eyes of devastation
  A titan simulacrum (Depths:3)
  4 smoke demons (Depths:3)
  A gargoyle (D:13)
  An orange demon (D:5)
  25 cane toads
  2 torpor snails
  4 efreet
  An unseen horror (D:13)
  55 yaktaurs
  4 rime drakes
  A kobold demonologist (D:14)
  6 komodo dragons
  A hellion (Depths:3)
  11 demonic crawlers
  5 tengu conjurers
  A golden dragon simulacrum (IceCv)
  An elf (Vaults:3)
  4 freezing wraiths
  A rime drake (shapeshifter) (D:14)
  6 entropy weaver simulacra (IceCv)
  A yaktaur skeleton (Vaults:3)
  5 ice devils (IceCv)
  A meliai (shapeshifter) (Depths:3)
  A tormentor (Zig:3)
  2 queen bees
  37 merfolk
  3 tyrant leeches (Lair:6)
  33 jumping spiders
  6 hornets
  10 trolls
  3 meliai (D:15)
  2 polar bears (Lair:6)
  44 slime creatures
  5 wind drakes
  A hornet (shapeshifter) (D:14)
  A tengu simulacrum (Vaults:2)
  A wolf spider simulacrum (D:14)
  4 dream sheep (Lair:4)
  A dream sheep (shapeshifter) (D:14)
  17 blink frogs
  3 snapping turtles
  4 air elementals
  A redback (shapeshifter) (Vaults:2)
  A tarantella (shapeshifter) (Elf:2)
  7 spriggan simulacra (IceCv)
  19 water elementals
  5 spriggans
  A vampire (D:13)
  68 redbacks
  2 wraiths
  8 wyverns
  2 shadows
  A fire elemental (Elf:1)
  23 tarantellas
  44 yaks
  A human (shapeshifter) (Vaults:5)
  5 basilisks
  4 chaos spawn
  2 golden eyes
  A human (D:10)
  A steam dragon (Lair:4)
  6 minotaur simulacra (IceCv)
  13 vampire mosquitoes
  A harpy simulacrum (IceCv)
  2 neqoxecs
  5 wargs
  An acid dragon (D:14)
  An acid dragon (shapeshifter) (D:13)
  2 hydra simulacra (IceCv)
  8 water moccasins
  A floating eye (shapeshifter) (Depths:2)
  2 hell hounds (Zot:5)
  3 floating eyes
  A hornet zombie (D:9)
  5 alligator simulacra (IceCv)
  4 black bears
  A meliai simulacrum (D:14)
  An ice beast (D:5)
  2 sky beasts
  A necrophage (D:5)
  7 orc warriors
  2 ettin simulacra (IceCv)
  24 ogres
  24 centaurs
  6 kobold brigands
  Blork the orc (D:5)
  3 gnoll sergeants
  A scorpion (shapeshifter) (Vaults:5)
  2 scorpions (D:4)
  20 bullfrogs
  13 deep troll simulacra (IceCv)
  4 earth elementals
  A water moccasin skeleton (D:5)
  22 killer bees
  A ballistomycete (Lair:6)
  4 wights (D:8)
  2 howler monkeys
  9 electric eels
  4 centaur zombies
  16 orc priests
  9 iguanas
  A bullfrog skeleton (D:4)
  6 centaur skeletons
  Jessica (D:2)
  9 hell rats
  20 orc wizards
  A scorpion zombie (D:5)
  2 hound skeletons (D:4)
  2 howler monkey zombies
  15 gnolls
  A howler monkey skeleton (D:7)
  7 adders
  3 white imps
  2 ufetubi
  A worm (D:3)
  5 dart slugs
  69 orcs
  7 ball pythons
  3 endoplasms
  3 giant cockroaches
  8 goblins
  5 hobgoblins
  7 jackals
  9 kobolds
  5 quokkas
  3 training dummies (Depths:3)
  4 bats
  8 frilled lizards
  4 rats
  2 ballistomycete spores (Lair:6)
2133 creatures vanquished.

Vanquished Creatures (others)
  A Killer Klown (Zot:5)
  A lich (Vaults:5)
  A draconian knight (Zot:3)
  A white draconian (Zot:2)
  A black draconian (Zot:5)
  A crystal guardian (Vaults:4)
  A deep elf high priest (Vaults:5)
  A vault guard (Vaults:5)
  A two-headed ogre (Orc:2)
  A death yak (Lair:6)
  A tengu warrior (D:13)
  A deep elf knight (Elf:1)
  A deep elf pyromancer (Elf:1)
  A cyclops (D:14)
  2 yaktaurs
  A blink frog (Lair:6)
  A slime creature (D:13)
  A centaur (Vaults:3)
  An orc wizard (D:14)
  A gnoll (D:8)
  A kobold (Vaults:3)
  35 fungi
  143 plants
200 creatures vanquished.

Grand Total: 2333 creatures vanquished

Notes
Turn   | Place    | Note
-------+----------+-------------------------------------------
     0 | D:1      | emiel the Formicid Fighter began the quest for the Orb.
     0 | D:1      | Reached XP level 1. HP: 18/18 MP: 1/1
   110 | D:1      | Reached XP level 2. HP: 22/24 MP: 2/2
   193 | D:1      | Found a faded altar of an unknown god.
   539 | D:1      | You fall into a shaft and drop 1 floor!
   552 | D:2      | Reached XP level 3. HP: 21/29 MP: 3/3
   957 | D:2      | Reached skill level 3 in Polearms
   957 | D:2      | Reached XP level 4. HP: 37/37 MP: 4/4
  1050 | D:2      | Noticed Jessica
  1055 | D:2      | Killed Jessica
  1382 | D:3      | Reached XP level 5. HP: 40/42 MP: 5/5
  1549 | D:3      | You fall into a shaft and drop 2 floors!
  1549 | D:5      | Entered Level 5 of the Dungeon
  1891 | D:5      | Noticed a necrophage
  1908 | D:5      | Killed a necrophage
  1909 | D:5      | Reached skill level 4 in Polearms
  1909 | D:5      | Reached skill level 1 in Evocations
  1909 | D:5      | Reached XP level 6. HP: 48/49 MP: 6/6
  2534 | D:4      | Reached XP level 7. HP: 55/55 MP: 7/7
  2616 | D:4      | Reached skill level 5 in Shields
  2711 | D:4      | Reached skill level 5 in Polearms
  2759 | D:4      | Found a runed translucent gate.
  2759 | D:4      | Found a runed translucent gate.
  2759 | D:4      | Found a runed translucent gate.
  2791 | D:4      | Noticed askman's ghost (amateur DsFi)
  2831 | D:4      | Reached skill level 5 in Fighting
  2831 | D:4      | Reached skill level 5 in Armour
  2974 | D:4      | Reached XP level 8. HP: 57/62 MP: 8/8
  3791 | D:5      | Noticed Blork the orc
  3801 | D:5      | Killed Blork the orc
  3809 | D:5      | Reached skill level 6 in Polearms
  4180 | D:6      | Found a staircase to the Ecumenical Temple.
  4198 | Temple   | Entered the Ecumenical Temple
  4219 | Temple   | Became a worshipper of Ru the Awakened
  4302 | D:6      | Reached XP level 9. HP: 67/69 MP: 9/9
  4667 | D:6      | Found a glowing silver altar of Zin.
  4745 | D:6      | Reached skill level 7 in Polearms
  5454 | D:7      | Gained mutation: You are somewhat unskilled. (-1 Apt) [Ru
                  | sacrifice]
  5454 | D:7      | Reduced skill Fighting to level 5
  5454 | D:7      | Reduced skill Polearms to level 6
  5454 | D:7      | Reduced skill Armour to level 5
  5454 | D:7      | Reached * piety under Ru
  5796 | D:7      | Identified the +5 falchion "Pumoveg" {spect, rF+++ Will-
                  | Str+5 Stlth-}
  6264 | D:8      | Reached skill level 7 in Polearms
  6272 | D:8      | Reached XP level 10. HP: 53/76 MP: 10/10
  6928 | D:8      | Reached skill level 5 in Evocations
  7513 | D:8      | Reached skill level 8 in Polearms
  8206 | D:9      | You fall into a shaft and drop 1 floor!
  8206 | D:10     | Entered Level 10 of the Dungeon
  8206 | D:10     | Found a staircase to the Orcish Mines.
  8209 | D:10     | You fall into a shaft and drop 3 floors!
  8940 | D:13     | Identified the +2 robe "Zess" {*Corrode Int+5}
  8966 | D:13     | Noticed an unseen horror
  8971 | D:13     | Killed an unseen horror
  9115 | D:12     | Gained mutation: You sometimes lose the ability to read
                  | scrolls when taking damage. [Ru sacrifice]
  9115 | D:12     | Reached ** piety under Ru
  9707 | D:9      | Reached XP level 11. HP: 33/84 MP: 11/11
 10717 | D:10     | Reached skill level 9 in Polearms
 11308 | D:10     | Found a staircase to the Lair.
 11673 | D:11     | Noticed a two-headed ogre
 11680 | D:11     | Killed a two-headed ogre
 11708 | D:11     | Noticed a cyclops
 11729 | D:11     | Killed a cyclops
 11768 | D:11     | Reached skill level 1 in Dodging
 11975 | D:11     | Found a hide-covered altar of Uskayaw.
 12037 | D:11     | Noticed a two-headed ogre
 12042 | D:11     | Killed a two-headed ogre
 12400 | D:12     | Gained mutation: You are somewhat inexperienced. (-2 XL)
                  | [Ru sacrifice]
 12400 | D:12     | Reached XP level 10. HP: 80/80 MP: 10/10
 12400 | D:12     | Reached XP level 9. HP: 73/73 MP: 9/9
 12400 | D:12     | Reached *** piety under Ru
 12400 | D:12     | Reached **** piety under Ru
 12501 | Lair:1   | Entered Level 1 of the Lair of Beasts
 13016 | Lair:1   | Reached XP level 10. HP: 60/80 MP: 10/10
 13150 | Lair:1   | Reached skill level 10 in Polearms
 14188 | Lair:1   | Noticed a six-headed hydra
 14204 | Lair:1   | Killed a six-headed hydra
 14339 | Lair:1   | Identified the ring of Coad {rF+ Str+3 Slay-4}
 14438 | Lair:2   | Found a dark tunnel.
 14443 | Volcano  | Entered a volcano
 14618 | Volcano  | Noticed a hell knight
 14628 | Volcano  | Killed a hell knight
 14651 | Volcano  | Noticed a centaur warrior
 14662 | Volcano  | Killed a centaur warrior
 14907 | Lair:2   | Noticed a catoblepas
 14930 | Lair:2   | Killed a catoblepas
 15112 | Lair:2   | Found a hole to the Spider Nest.
 15459 | Lair:2   | Found the +8 arc blade {discharge, rElec}
 15674 | Lair:2   | Gained mutation: You are hated by all. [Ru sacrifice]
 15674 | Lair:2   | Reached ***** piety under Ru
 15902 | Lair:2   | Noticed a fire dragon
 15920 | Lair:2   | Killed a fire dragon
 16247 | Lair:3   | Reached XP level 11. HP: 86/87 MP: 11/11
 16254 | Lair:3   | Reached skill level 11 in Polearms
 17880 | Lair:4   | Reached skill level 10 in Shields
 17908 | Lair:4   | Noticed a five-headed hydra
 17919 | Lair:4   | Killed a five-headed hydra
 17945 | Lair:4   | Gained mutation: You cannot be stealthy. [Ru sacrifice]
 17945 | Lair:4   | Reached ****** piety under Ru
 18255 | Lair:4   | Found a staircase to the Shoals.
 18460 | Lair:4   | Noticed a six-headed hydra
 18467 | Lair:4   | Killed a six-headed hydra
 19061 | Lair:5   | Identified the +6 broad axe "Giantslayer" {freeze, rPois
                  | Dex+4}
 19808 | Lair:6   | Entered Level 6 of the Lair of Beasts
 19876 | Lair:6   | Reached skill level 12 in Polearms
 20112 | Lair:6   | Reached XP level 12. HP: 60/96 MP: 10/12
 20168 | Lair:6   | Reached skill level 5 in Dodging
 21035 | Lair:6   | Reached skill level 10 in Fighting
 21035 | Lair:6   | Reached skill level 10 in Armour
 23165 | Lair:6   | Reached skill level 13 in Polearms
 23243 | Lair:6   | Found a staircase to the Slime Pits.
 23610 | D:12     | Noticed Nessos
 23634 | D:12     | Killed Nessos
 23635 | D:12     | Reached XP level 13. HP: 94/104 MP: 10/13
 23919 | D:12     | Found Nece's Distillery.
 24275 | D:13     | Reached skill level 10 in Evocations
 24858 | D:13     | Identified the +4 mace "Rofraig" {flame, rF+}
 25255 | Orc:1    | Entered Level 1 of the Orcish Mines
 25336 | Orc:2    | Entered Level 2 of the Orcish Mines
 26165 | Orc:2    | Found Yda Mask's Weapon Shoppe.
 26232 | Orc:2    | Found Biocal's Armour Boutique.
 26233 | Orc:2    | Found Nypeeq's Distillery.
 26235 | Orc:2    | Reached skill level 14 in Polearms
 26238 | Orc:2    | Found Hidijoesm's Magic Scroll Emporium.
 26271 | Orc:2    | Reached XP level 14. HP: 75/113 MP: 6/14
 26362 | Orc:2    | Bought a potion of heal wounds for 65 gold pieces
 26424 | Orc:2    | Found a staircase to the Elven Halls.
 28027 | D:14     | Found a gate to the Vaults.
 28812 | D:14     | Got the Collected Works on Congealing Toxins
 28941 | D:14     | Identified the +3 quarterstaff "Rotsez" {drain, SInv
                  | Stlth+}
 29370 | D:15     | Entered Level 15 of the Dungeon
 29468 | D:15     | Found a radiant altar of Vehumet.
 29585 | D:15     | Identified a scroll of acquirement
 29586 | D:15     | Acquired the +8 glaive of the Guard {elec, spectral, AC+5}
 29586 | D:15     | Found the +8 glaive of the Guard {elec, spectral, AC+5}
 29656 | D:15     | Identified the +0 leather armour "Arakhlyirch" {Harm Int+3
                  | Dex-3 Slay+2}
 30117 | D:15     | Found a staircase to the Depths.
 30291 | D:15     | Found a portal to a secret trove of treasure.
 30523 | Trove    | Entered a treasure trove
 30551 | Trove    | Identified the +3 robe "Fiulloic" {Str-5 Int+2 Slay+5}
 30581 | Trove    | Identified the +2 robe of Sunlight {rC++}
 30929 | Spider:1 | Entered Level 1 of the Spider Nest
 31148 | Spider:1 | Reached XP level 15. HP: 61/121 MP: 12/15
 32887 | Spider:3 | Identified the +0 pair of boots of Cuorenn {rCorr Stlth+}
 33844 | Spider:3 | Identified the +5 halberd of the Head {flame, rPois rN+
                  | Str+3 Stlth-}
 33941 | Spider:4 | Entered Level 4 of the Spider Nest
 33953 | Spider:3 | Reached skill level 15 in Polearms
 33969 | Spider:4 | Noticed Arachne
 34350 | Spider:3 | Killed Arachne
 34668 | Spider:4 | Identified the +9 dagger "Ariery" {flame, Dex+2}
 34773 | Spider:4 | Reached XP level 16. HP: 91/129 MP: 16/16
 35432 | Spider:4 | Got a gossamer rune of Zot
 35869 | Shoals:1 | Entered Level 1 of the Shoals
 35910 | Shoals:1 | Found a frozen archway.
 35914 | IceCv    | Entered an ice cave
 36427 | IceCv    | Noticed an Ice Fiend
 36448 | IceCv    | HP: 5/196 [Ice Fiend (34)]
 36449 | IceCv    | Killed an Ice Fiend
 37798 | Shoals:1 | Found Yvujic Hipy's Antique Armour Shop.
 37806 | Shoals:1 | Bought a pair of jewelled gloves for 304 gold pieces
 37806 | Shoals:1 | Identified the +1 pair of gloves of Lugonu's Supremacy
                  | {Rampage Will+ Int-3 Slay+2} (You bought it in a shop on
                  | level 1 of the Shoals)
 37819 | Shoals:1 | Bought a runed tower shield for 240 gold pieces
 37859 | Shoals:1 | Found Fato's Jewellery Boutique.
 37894 | Shoals:1 | Bought the ring of Cupitoco {rElec Will+} for 702 gold
                  | pieces
 38388 | Shoals:1 | Found Toem Ferr's Antique Weapon Shop.
 38834 | Shoals:2 | Reached skill level 16 in Polearms
 38870 | Shoals:2 | Found Goteagg's Book Shoppe.
 40090 | Shoals:3 | Reached XP level 17. HP: 137/137 MP: 17/17
 40256 | Shoals:3 | Found an opulent altar of Gozag.
 40351 | Shoals:3 | Found Wugho's Antique Armour Emporium.
 40360 | Shoals:3 | Bought a runed plate armour for 754 gold pieces
 40770 | Shoals:3 | Noticed Donald
 40775 | Shoals:3 | Killed Donald
 40812 | Shoals:3 | Noticed Nikola
 40823 | Shoals:3 | Killed Nikola
 41492 | Shoals:4 | Entered Level 4 of the Shoals
 41492 | Shoals:4 | Noticed Aizul
 41499 | Shoals:4 | Killed Aizul
 42616 | Shoals:4 | Identified the +0 chain mail "Xicashui" {*Slow rElec rN+++
                  | Stlth+}
 42623 | Shoals:4 | Got a barnacled rune of Zot
 42663 | Shoals:4 | Reached skill level 10 in Dodging
 43015 | Shoals:4 | Reached skill level 15 in Shields
 44206 | Elf:1    | Entered Level 1 of the Elven Halls
 44224 | Elf:1    | Acquired the +5 plate armour of Egafesh {rC+}
 44687 | Elf:1    | Reached skill level 17 in Polearms
 44778 | Elf:1    | Reached XP level 18. HP: 114/146 MP: 18/18
 45311 | Elf:1    | Found Atzituty's Antique Weapon Shoppe.
 45690 | Elf:1    | Identified the +4 rapier of Nonkaron {holy, rElec}
 46422 | Elf:2    | Found Caxkao's Jewellery Shoppe.
 46566 | Elf:2    | Bought the ring "Efaukkad" {rF+ Will+ rCorr Str+4 Dex+6}
                  | for 1289 gold pieces
 46798 | Elf:2    | Found Edoysm's General Store.
 46837 | Elf:2    | Found Plog's Jewellery Shoppe.
 46846 | Elf:2    | Found Soggoa's Weapon Shop.
 46883 | Elf:2    | Bought the ring "Sunionocy" {rPois rC+ Slay+3} for 683 gold
                  | pieces
 47020 | Elf:3    | Entered Level 3 of the Elven Halls
 47322 | Elf:3    | Gained mutation: You cannot study or use magical devices.
                  | [Ru sacrifice]
 48058 | Elf:3    | Identified the ring "Ereala" {Str+3 Int+6}
 48206 | Elf:3    | Identified the +1 robe of the Lost Crushing Beds {Str+3
                  | Int+8 Dex-5 Archmagi}
 48206 | Elf:3    | Identified the amulet of Qazlal's Reproof {Acrobat rElec
                  | Str+3 Int+7 Dex-2}
 48314 | Elf:3    | Reached skill level 18 in Polearms
 48362 | Elf:3    | Reached skill level 15 in Fighting
 48369 | Elf:3    | Reached XP level 19. HP: 155/155 MP: 19/19
 48603 | Elf:3    | Reached skill level 15 in Armour
 48649 | Elf:3    | Identified the +3 chain mail of Hysteria {Rampage rPois
                  | rC++ Int-2}
 48936 | Elf:2    | Found a radiant altar of Vehumet.
 48971 | Elf:3    | Identified the +4 rapier of Extremism {vorpal, Str+4}
 49032 | Elf:3    | Got the Almanac of the Mountains and Damage Dealing
 49109 | Elf:3    | Got the Guide on Combat Magic
 49360 | Vaults:1 | Entered Level 1 of the Vaults
 49621 | Vaults:1 | Gained mutation: You are unskilled. (-2 Apt) [Ru sacrifice]
 49621 | Vaults:1 | Reduced skill Polearms to level 17
 49621 | Vaults:1 | Reduced skill Dodging to level 10
 50762 | Vaults:1 | Reached skill level 1 in Throwing
 52360 | Vaults:1 | Gained mutation: You cannot study or cast Fire magic. [Ru
                  | sacrifice]
 52360 | Vaults:1 | Gained mutation: You cannot study or cast Transmutations
                  | magic. [Ru sacrifice]
 52360 | Vaults:1 | Gained mutation: You cannot study or cast Conjurations
                  | magic. [Ru sacrifice]
 52753 | Vaults:2 | Reached XP level 20. HP: 141/160 MP: 20/20
 53190 | Vaults:2 | Gained mutation: You sometimes lose the ability to drink
                  | potions when taking damage. [Ru sacrifice]
 54578 | Vaults:3 | Reached skill level 18 in Polearms
 55004 | Vaults:3 | Noticed a bone dragon
 55015 | Vaults:3 | Killed a bone dragon
 55111 | Vaults:3 | Found a staircase to the Crypt.
 55163 | Vaults:3 | Reached skill level 15 in Fighting
 55180 | Vaults:3 | Reached XP level 21. HP: 138/155 MP: 14/21
 55347 | Vaults:3 | Found Zojil's Book Boutique.
 56087 | Vaults:4 | Reached skill level 15 in Armour
 56106 | Vaults:4 | Reached skill level 15 in Shields
 56167 | Vaults:4 | Reached skill level 5 in Throwing
 56280 | Vaults:4 | Found a runed translucent gate.
 56280 | Vaults:4 | Found a runed translucent gate.
 56280 | Vaults:4 | Found a runed translucent gate.
 56281 | Vaults:4 | Noticed Fexid's ghost (adept DrIE)
 56358 | Vaults:4 | Found Igiu's General Store.
 56921 | Vaults:5 | Entered Level 5 of the Vaults
 57032 | Vaults:5 | Noticed a golden dragon
 57120 | Vaults:5 | Noticed a golden dragon
 57224 | Vaults:4 | Killed a golden dragon
 57253 | Vaults:4 | Killed a golden dragon
 57868 | Vaults:5 | Identified the ring "Muet" {rF+ MP+9}
 57885 | Vaults:4 | Reached skill level 19 in Polearms
 57885 | Vaults:4 | Reached XP level 22. HP: 133/160 MP: 22/22
 58460 | Vaults:5 | Noticed a golden dragon
 58467 | Vaults:5 | Killed a golden dragon
 58494 | Vaults:5 | Noticed an ancient lich
 58500 | Vaults:5 | Killed an ancient lich
 58940 | Vaults:5 | Noticed a golden dragon
 58954 | Vaults:5 | Killed a golden dragon
 59374 | Vaults:5 | Got a silver rune of Zot
 59387 | Vaults:5 | Got the Guide on the Volcanoes and Lightness
 59448 | Vaults:5 | Noticed an ancient lich
 59453 | Vaults:5 | Killed an ancient lich
 60225 | Depths:1 | Entered Level 1 of the Depths
 60336 | Depths:1 | Noticed Saint Roka
 60342 | Depths:1 | Killed Saint Roka
 60556 | Depths:1 | Reached XP level 23. HP: 165/177 MP: 23/23
 61063 | Depths:1 | Found a gateway to Hell.
 61137 | Depths:1 | Found a one-way gate to the infinite horrors of the Abyss.
 61418 | Depths:1 | Found Huje Iru's Jewellery Emporium.
 61419 | Depths:1 | Found Equta's Book Boutique.
 61420 | Depths:1 | Found Mupp's Jewellery Emporium.
 61444 | Depths:2 | Found a one-way gate leading to the halls of Pandemonium.
 61495 | Depths:2 | Found a transporter.
 61501 | Depths:2 | Found a transporter.
 61550 | Depths:2 | Found Yfaorufy's Assorted Antiques.
 61564 | Depths:2 | Bought a faintly glowing chain mail for 465 gold pieces
 61564 | Depths:2 | Identified the +4 chain mail "Pon Wiech" {rPois Int+2} (You
                  | bought it in a shop on level 2 of the Depths)
 61564 | Depths:2 | Bought a shiny plate armour for 1274 gold pieces
 61638 | Depths:2 | Reached skill level 20 in Polearms
 61804 | Depths:2 | Identified the ring of Wucuomufi {Fly Str+6 SInv Stlth+}
 62263 | Depths:3 | Found Yheges Axuu's General Store.
 62959 | Depths:3 | Noticed Louise
 62969 | Depths:3 | Killed Louise
 63101 | Depths:3 | Found Vimen's Firing Range.
 63108 | Depths:3 | Bought 2 silver javelins for 96 gold pieces
 63209 | Depths:3 | Reached XP level 24. HP: 191/195 MP: 23/23
 63296 | Depths:3 | Found a shimmering altar of Xom.
 63441 | Depths:3 | Bought a potion of heal wounds for 100 gold pieces
 63513 | Depths:4 | Entered Level 4 of the Depths
 63513 | Depths:4 | Noticed Frederick
 63516 | Depths:4 | Killed Frederick
 63634 | Depths:4 | Found Sexka's Antique Weapon Boutique.
 63648 | Depths:4 | Found Efeorr's Weapon Shop.
 63677 | Depths:4 | Found Bysoergh's Book Shoppe.
 63715 | Depths:4 | Found Misay's Distillery.
 63715 | Depths:4 | Noticed Jory
 63891 | Depths:4 | Killed Jory
 63896 | Depths:4 | Bought a potion of heal wounds for 110 gold pieces
 63918 | Depths:4 | Found a gateway to a ziggurat.
 63953 | Zig:1    | Entered Level 1 of a ziggurat
 63970 | Zig:2    | Entered Level 2 of a ziggurat
 63989 | Zig:3    | Entered Level 3 of a ziggurat
 63992 | Zig:3    | Noticed Uwkoonum the pandemonium lord
 64005 | Zig:3    | Killed Uwkoonum the pandemonium lord
 64156 | Depths:4 | Reached skill level 15 in Dodging
 64162 | Depths:4 | Reached skill level 10 in Throwing
 64163 | Depths:4 | Noticed the Enchantress
 64167 | Depths:4 | Killed the Enchantress
 64175 | Depths:4 | Noticed Sojobo
 64250 | Depths:3 | Killed Sojobo
 64474 | Depths:4 | Found Rara's Assorted Antiques.
 64481 | Depths:4 | Bought a potion of might for 164 gold pieces
 64683 | Depths:4 | Found a gate to the Realm of Zot.
 64693 | Zot:1    | Entered Level 1 of the Realm of Zot
 64867 | Zot:1    | You fall into a shaft and drop 1 floor!
 65153 | Zot:2    | Reached XP level 25. HP: 203/203 MP: 23/23
 65332 | Zot:2    | Noticed a Killer Klown
 65343 | Zot:2    | Killed a Killer Klown
 66319 | Zot:5    | Entered Level 5 of the Realm of Zot
 67011 | Zot:5    | Noticed an orb of fire
 67019 | Zot:5    | Noticed an ancient lich
 67024 | Zot:5    | Killed an orb of fire
 67031 | Zot:5    | Noticed a Killer Klown
 67033 | Zot:5    | Noticed a Killer Klown
 67035 | Zot:5    | Killed an ancient lich
 67039 | Zot:5    | Killed a Killer Klown
 67060 | Zot:5    | Killed a Killer Klown
 67210 | Zot:5    | Noticed a dread lich
 67231 | Zot:5    | Killed a dread lich
 67262 | Zot:5    | Noticed a Killer Klown
 67262 | Zot:5    | Noticed a Killer Klown
 67263 | Zot:5    | Noticed an orb of fire
 67283 | Zot:5    | Killed a Killer Klown
 67289 | Zot:5    | Killed an orb of fire
 67292 | Zot:5    | Killed a Killer Klown
 67459 | Zot:5    | Gained mutation: Your body sometimes deteriorates upon
                  | taking damage. [mutagenic glow]
 67479 | Zot:5    | Gained mutation: Your spells are a little easier to cast,
                  | but a little less powerful. [mutagenic glow]
 67577 | Zot:5    | Learned a level 1 spell: Apportation
 67626 | Zot:5    | Got the Orb of Zot
 67642 | Zot:5    | Reached skill level 1 in Translocations
 68010 | D:15     | Noticed Ziajuybb the pandemonium lord
 68257 | D:$      | Escaped with the Orb!

Illustrated notes

Levels and vault maps discovered:
D:1:      dpeg_arrival_arbitrary_a, layout_rooms,
          shapermc_ecumenical_altar_ellora, minmay_misc_feat_secret_circle
D:2:      layout_rooms, uniq_jessica
D:3:      layout_basic
D:4:      layout_rooms, gammafunk_ghost_icy, minmay_between
D:5:      layout_loops_cross, uniq_blork_the_orc
D:6:      layout_loops_ring, mainiacjoe_overflow_chevrons,
          minmay_temple_entry_wispy
D:7:      layout_gridville
D:8:      layout_loops_cross
D:9:      layout_loops_cross
D:10:     layout_small_grid, lair_entry_dummy, erik_orc_4
D:11:     layout_roguey, minivault_26, wad_floor_pattern_untrapped,
          nicolae_uskayaw_murder_on_the_dancefloor
D:12:     layout_small_grid, serial_shops, nicolae_shop_trees,
          kennysheep_flooded_box, grunt_decor_arrowhead, uniq_nessos
D:13:     layout_roguey, enter_bailey_2, hangedman_decor_slide_cut,
          minmay_alternating_orb
D:14:     layout_loops_corners, hangedman_vaults_entry_quadrant_bands,
          minivault_22, minmay_the_grid_square_5x5_3x3_mashed
          [minmay_the_grid_square_5x5_pentomino_r,
          minmay_the_grid_square_5x5_mess,
          minmay_the_grid_square_5x5_misaligned,
          minmay_the_grid_square_5x5_bridge,
          minmay_the_grid_square_5x5_megaprize_diamond,
          minmay_the_grid_square_5x5_fat_x, minmay_the_grid_square_5x5_v,
          minmay_the_grid_square_5x5_forky, minmay_the_grid_square_5x5_shuriken]
D:15:     hangedman_depths_entry_try_elsewhere_first, layout_basic,
          vehumet_crystals, special_room [special_room_bee],
          nicolae_trove_entry_crystal, serial_bayou_ford_a
Temple:   nicolae_temple_the_god_donut
Lair:1:   beast_lair_carwin_large_2, layout_regular_city
Lair:2:   dragon1_lemuel, layout_layer_cave, dummy_spider_entry,
          nicolae_volcano_entry_s_turn
Lair:3:   layout_cave_shapes
Lair:4:   layout_hall_layers, shoals_dummy_entry, special_room
          [special_room_mythical_zoo], serial_bayou_lagoon_b
Lair:5:   layout_cellular_growth
Lair:6:   minmay_lair_end_frog_pond, layout_regular_city,
          minmay_slime_entry_oklob_enclosed, nicolae_quartered_pool_super,
          serial_bayou_shore_b
Shoals:1: cheibrodos_shoals_satyrical_garden, layout_shoals, serial_shops,
          nicolae_shop_stone, nicolae_shop_behind_doors, shop,
          portal_ice_cave_entry_pillars_four
Shoals:2: layout_shoals, serial_shops, nicolae_lakefront_shop
Shoals:3: layout_shoals, serial_shops, shop, lemuel_centaur_altar, uniq_nikola,
          uniq_donald
Shoals:4: shoals_end_grunt_ice, layout_shoals, uniq_aizul
Spider:1: layout_spider_delve
Spider:2: layout_spider_delve
Spider:3: layout_spider_delve
Spider:4: grunt_spider_rune_circles, guppyfry_spider_mini_2, uniq_arachne
Orc:1:    layout_caves
Orc:2:    st_orc_open, layout_caves
Elf:1:    nicolae_elf_arrival_fired_up, layout_onion_city, serial_shops,
          nicolae_shop_waterfront, hangedman_elven_crosses_minicolossus,
          grunt_ministairs_15
Elf:2:    nicolae_elf_blades_splatter_lattice
          [nicolae_blade_entry_splitting_headache], layout_rooms, serial_shops,
          nicolae_shop_competitors_out_of_business, shop_coins, shop, shop,
          lemuel_upstairs_altar, uniq_azrael
Elf:3:    minmay_elf_hall_golems, layout_loops_cross
Vaults:1: hangedman_vaults_slither, nicolae_vaults_what_the_h, v_misc_22,
          nicolae_vaults_big_ls, ontoclasm_vaults_eye,
          nicolae_vaults_circle_grid_a, vaults_room_stairs_pillars,
          nicolae_vaults_specimen_jars, layout_vaults_omnigrid
Vaults:2: v_rooms_6, vaults_dpeg_doors, v_misc_31, grunt_vaults_diagonal,
          ontoclasm_vaults_loading_screen, vaults_room_fours,
          ontoclasm_vaults_chip, nicolae_vaults_little_squares_5,
          vaults_mumra_hex, layout_vaults_chaotic_city
Vaults:3: nicolae_vaults_holding_cells, minmay_crypt_entry_nasty_monster,
          nicolae_vaults_hallways_thing, v_rooms_1, hangedman_vaults_slice,
          ontoclasm_vaults_bender, hangedman_vaults_river_flow,
          vaults_standard_mumra_lines, v_misc_26, vaults_dpeg_encased_lava,
          layout_vaults_ring, serial_shops, nicolae_shop_waterfront
Vaults:4: gammafunk_ghost_spectres, v_misc_23, nicolae_vaults_little_squares_1,
          vaults_dpeg_cross, nicolae_vaults_sealed_display,
          grunt_vaults_hallway_short, v_misc_4, grunt_vaults_focal, v_misc_14,
          grunt_vaults_twisty, v_misc_15, vaults_mumra_lcd,
          hangedman_vaults_trim, nicolae_vaults_little_squares_4,
          vaults_room_pool, nicolae_vaults_theta, layout_vaults_maze,
          serial_shops, shop
Vaults:5: serial_shops
Depths:1: layout_honeycomb, abyss_entry, grunt_hell_entry_dis_old,
          hangedman_decor_diamond_cutter, chequers_serial_rivers_small_a,
          st_stairs_11, minmay_starry_boxes, minmay_shop_grove, firewood_loft,
          uniq_saint_roka
Depths:2: gammafunk_jiyva_shrine, layout_cave_pools, serial_shops,
          nicolae_shop_statue_plus, pan_entry, pf_hell_entry_tar_river,
          hangedman_abyss_entry_splay, chequers_serial_rivers_marsh,
          kennysheep_generic_room_13, serial_bayou_shore_b
Depths:3: minmay_polygon_palace, layout_cave_shapes, hellmouth_3,
          lemuel_statue_altar, serial_shops, nicolae_inconvenience_store,
          nicolae_abyss_entry_one_way_or_another, st_stairs_14,
          nicolae_shop_firing_range
Depths:4: grunt_zot_entry_hairpin, layout_cave_pools, enter_ziggurat_c,
          hell_entry, serial_shops, shop, shop, shop, nicolae_shop_waterfront,
          shop, uniq_sojobo, uniq_enchantress, uniq_frederick, uniq_jory
Zot:1:    layout_onion, st_stairs_9, skrybe_zot_glass_2
Zot:2:    layout_concentric_octagons, grunt_megastairs_5
Zot:3:    layout_twisted_circle, st_stairs_14, grunt_megastairs_2
Zot:4:    layout_concentric_octagons
Zot:5:    layout_misc_corridors, hangedman_zot_decor_checkerboard

Skill      XL: |  1  2  3  4  5  6  7  8  9 10 11 12 13 14 15 16 17 18 19 20 21 22 23 24 25 |
---------------+----------------------------------------------------------------------------+-----
Shields        | 4 5 6 9 10 11 12 13 14 15 14 15 | 15.0
Polearms       | 3 4 5 6 7 10 12 13 14 15 16 17 18 17 18 19 20 | 20.0
Fighting       | 4 5 8 7 9 10 11 12 13 14 15 14 15 16 17 19 | 19.1
Armour         | 4 5 8 7 9 10 11 12 13 14 14 15 16 17 19 | 19.0
Evocations     | 1 2 3 7 8 6 9 10 11 12 13 0 |  0.0
Dodging        | 2 3 4 6 7 8 9 10 11 10 11 12 14 15 16 | 16.5
Throwing       | 2 4 6 7 9 10 12 | 12.5
Translocations | 1 |  1.6

Action                   |  1- 3 |  4- 6 |  7- 9 | 10-12 | 13-15 | 16-18 | 19-21 | 22-24 | 25-27 || total
-------------------------+-------+-------+-------+-------+-------+-------+-------+-------+-------++-------
Melee: Trident           |   100 |   150 |   394 |  1750 |   925 |       |       |       |       ||  3319
       Glaive            |       |       |       |       |   438 |   919 |   962 |  1218 |   527 ||  4064
Throw: Dart              |       |       |       |       |    14 |     6 |       |       |       ||    20
       Throwing net      |       |       |       |       |       |       |     1 |     4 |     2 ||     7
       Javelin           |       |       |       |       |       |       |     2 |    14 |    46 ||    62
 Cast: Apportation       |       |       |       |       |       |       |       |       |     4 ||     4
Invok: Sacrifice Skill   |       |       |     1 |       |       |       |     1 |       |       ||     2
       Sacrifice Experie |       |       |     1 |       |       |       |       |       |       ||     1
       Sacrifice Words   |       |       |       |     1 |       |       |       |       |       ||     1
       Sacrifice Love    |       |       |       |     1 |       |       |       |       |       ||     1
       Draw Out Power    |       |       |       |     1 |     2 |       |     2 |     2 |       ||     7
       Sacrifice Stealth |       |       |       |     1 |       |       |       |       |       ||     1
       Apocalypse        |       |       |       |       |     3 |       |     2 |     6 |     3 ||    14
       Reject Sacrifices |       |       |       |       |     1 |     1 |       |       |       ||     2
       Sacrifice Artific |       |       |       |       |       |     1 |       |       |       ||     1
       Sacrifice Arcana  |       |       |       |       |       |       |     1 |       |       ||     1
       Sacrifice Drink   |       |       |       |       |       |       |     1 |       |       ||     1
       Power Leap        |       |       |       |       |       |       |       |     1 |       ||     1
 Abil: Dig               |     1 |     1 |     2 |    38 |    36 |    29 |     2 |    23 |    20 ||   152
       Shaft Self        |       |       |       |     2 |       |       |       |       |       ||     2
Evoke: Wand              |       |     2 |     3 |    50 |    21 |    20 |       |       |       ||    96
       Condenser vane    |       |       |       |     1 |     2 |     4 |       |       |       ||     7
  Use: Scroll            |       |     2 |     4 |    16 |     3 |    12 |     1 |     4 |     3 ||    45
       Potion            |       |       |       |     8 |       |     3 |       |     1 |     3 ||    15
 Stab: Paralysed         |       |       |     3 |    29 |     8 |     6 |     2 |    10 |     2 ||    60
       Invisible         |       |       |     1 |    14 |     5 |       |     1 |    14 |     4 ||    39
       Distracted        |       |       |       |     8 |     6 |     5 |    20 |    24 |     9 ||    72
       Petrifying        |       |       |       |     1 |       |       |       |       |       ||     1
       Held in net/web   |       |       |       |       |       |     1 |     1 |     2 |       ||     4
       Fleeing           |       |       |       |       |       |     1 |       |       |       ||     1
Armor: Scale mail        |     7 |       |       |       |       |       |       |       |       ||     7
       Chain mail        |    38 |       |       |       |       |    26 |   139 |   159 |    69 ||   431
       Plate armour      |       |    39 |   114 |   369 |   345 |   213 |       |       |       ||  1080
       Skin              |       |       |       |    21 |       |     2 |       |       |       ||    23
Dodge: Dodged            |    61 |    54 |   115 |   448 |   364 |   184 |   111 |   152 |    80 ||  1569
Block: Buckler           |    17 |    25 |    50 |    12 |       |       |       |       |       ||   104
       Kite shield       |       |       |    49 |   544 |   224 |       |       |       |       ||   817
       Reflection        |       |       |     6 |     4 |       |       |       |       |       ||    10
       Tower shield      |       |       |       |       |   367 |   513 |   462 |   473 |   212 ||  2027

Table legend: (Time is in decaauts)
 A = Elapsed time spent in this place.
 B = Non-inter-level travel time spent in this place.
 C = Inter-level travel time spent in this place.
 D = Time resting spent in this place.
 E = Time spent auto-exploring this place.
 F = Levels seen in this place.
 G = Mean time per level.
                   A        B        C        D        E       F      G
               +--------+--------+--------+--------+--------+-----+--------+
         Total |  66889 |  62809 |   4080 |  23134 |  24733 |  55 | 1216.2 |
       Dungeon |  19640 |  18283 |   1357 |   6498 |   8085 |  15 | 1309.3 |
        Temple |     33 |     21 |     12 |      0 |     10 |   1 |   33.0 |
          Lair |  10563 |   9547 |   1016 |   3789 |   3892 |   6 | 1760.5 |
        Shoals |   6544 |   6159 |    385 |   2693 |   2486 |   4 | 1636.0 |
   Spider Nest |   4754 |   4553 |    201 |   1912 |   1548 |   4 | 1188.5 |
  Orcish Mines |   1581 |   1435 |    146 |    581 |    530 |   2 |  790.5 |
   Elven Halls |   4945 |   4828 |    117 |   2119 |   1505 |   3 | 1648.3 |
        Vaults |   9254 |   8800 |    454 |   2752 |   3839 |   5 | 1850.8 |
        Depths |   4349 |   4108 |    241 |    548 |   2063 |   4 | 1087.2 |
           Zot |   2892 |   2745 |    147 |    961 |    268 |   5 |  578.4 |
      Ziggurat |     84 |     84 |      0 |     23 |      0 |   3 |   28.0 |
         Trove |     65 |     65 |      0 |      0 |      2 |   1 |   65.0 |
      Ice Cave |   1755 |   1755 |      0 |   1046 |    411 |   1 | 1755.0 |
       Volcano |    422 |    422 |      0 |    207 |     91 |   1 |  422.0 |
               +--------+--------+--------+--------+--------+-----+--------+

Top non-repeatable levels by time:
    D:14: 3131 daAuts
Vaults:4: 2473 daAuts
Shoals:4: 2265 daAuts
   Elf:1: 2230 daAuts
    D:13: 2180 daAuts
  Lair:6: 2056 daAuts
  Lair:5: 2050 daAuts
Shoals:3: 1932 daAuts
Vaults:1: 1909 daAuts
   Elf:3: 1837 daAuts
Vaults:2: 1832 daAuts
   IceCv: 1755 daAuts
     D:9: 1741 daAuts
Vaults:5: 1731 daAuts
  Lair:2: 1722 daAuts
